 Dungeon Crawl Stone Soup version 0.30-a0-802-gb92711bcdf (webtiles) character file.

Game seed: 11829395539184481690

69 Demosthentine the Ducker (level 4, -2/34 HPs)
             Began as a Demonspawn Gladiator on Feb 25, 2023.
             Slain by a vampire mosquito (4 damage)
             ... on level 6 of the Dungeon.
             The game lasted 00:02:34 (1495 turns).

Demosthentine the Ducker (Demonspawn Gladiator)     Turns: 1495, Time: 00:02:35

Health: -2/34      AC:  9    Str: 14    XL:     4   Next: 2%
Magic:  4/4        EV: 13    Int:  9    God:
Gold:   37         SH:  0    Dex: 19    Spells: 3/3 levels left

rFire   . . .      SeeInvis .    l - +8 trident of the Octopus King {venom, rElec rPois}
rCold   . . .      Faith    .    (no shield)
rNeg    . . .      Spirit   .    b - +0 leather armour
rPois   +          Reflect  .    c - +1 helmet
rElec   +          Harm     .    (no cloak)
rCorr   .          Rampage  .    s - +2 pair of gloves
Will    .....                    n - +0 pair of boots "Fiqiep" {Dex+2}
Stlth   +                        (no amulet)
HPRegen 0.25/turn                (no ring)
MPRegen 0.09/turn                (no ring)

@: mighty
A: demonic magic 1, weakness stinger 1
a: no special abilities


You were on level 6 of the Dungeon.
You visited 1 branch of the dungeon, and saw 4 of its levels.

You collected 121 gold pieces.
You spent 84 gold pieces at shops.

Inventory:

Hand Weapons
 a - a +0 trident
 l - the +8 trident of the Octopus King (weapon) {venom, rElec rPois}
   (You found it on level 2 of the Dungeon)

   rElec:     It insulates you from electricity.
   rPois:     It protects you from poison.
Missiles
 d - 3 throwing nets (quivered)
 e - a javelin
Armour
 b - a +0 leather armour (worn)
 c - a +1 helmet (worn)
 n - the +0 pair of boots "Fiqiep" (worn) {Dex+2}
   (You found it on level 2 of the Dungeon)

   Dex:       It affects your dexterity (+2).
 o - a +0 buckler
 s - a +2 pair of gloves (worn)
Scrolls
 p - a scroll of enchant armour
Potions
 f - a potion of might
 g - a potion of cancellation {unknown}
 h - a potion of heal wounds {unknown}
 i - 2 potions of flight {unknown}
 j - a potion of resistance {unknown}
 r - a potion of mutation {unknown}


   Skills:
 + Level 2.6 Fighting
 + Level 3.1 Polearms
 - Level 1.7 Throwing
 + Level 1.3 Armour
 + Level 3.2 Dodging
 + Level 0.6 Shields


You had 3 spell levels left.
You didn't know any spells.
Your spell library was empty.

Dungeon Overview and Level Annotations

Branches:
Dungeon (3/15)             Temple (0/1) D:6

Altars:

Shops:
D:2 !


Innate Abilities, Weirdness & Mutations

Spells you cast may paralyse adjacent enemies.
You have a small tail.


Message History

The vampire mosquito bites you but does no damage.
You feel better. The vampire mosquito bites you.
* * * LOW HITPOINT WARNING * * *
The vampire mosquito draws strength from your injuries!
The vampire mosquito bites you.
* * * LOW HITPOINT WARNING * * *
The vampire mosquito draws strength from your injuries!
You feel better.
The vampire mosquito completely misses you.
You feel better.
The vampire mosquito bites you but does no damage.
The vampire mosquito bites you.
* * * LOW HITPOINT WARNING * * *
The vampire mosquito draws strength from your injuries!
You feel very mighty all of a sudden.
The vampire mosquito bites you but does no damage.
The vampire mosquito closely misses you.
You are too injured to fight recklessly!
You are too injured to fight recklessly!
You are too injured to fight recklessly!
You are too injured to fight recklessly!
You are too injured to fight recklessly!
You closely miss the vampire mosquito. The vampire mosquito bites you.
* * * LOW HITPOINT WARNING * * *
The vampire mosquito draws strength from your injuries!
The vampire mosquito bites you but does no damage.
The white imp shouts, "Begone, thou skyhacking clapper-clawed barnacle!"
You closely miss the vampire mosquito.
The vampire mosquito bites you but does no damage.
The vampire mosquito closely misses you.
The vampire mosquito barely misses you.
You closely miss the vampire mosquito. The vampire mosquito barely misses you.
The vampire mosquito bites you but does no damage.
You puncture the vampire mosquito! You tail-slap the vampire mosquito!
The vampire mosquito is almost destroyed.
The vampire mosquito bites you!
* * * LOW HITPOINT WARNING * * *
The vampire mosquito draws strength from your injuries!
The vampire mosquito bites you.
You die...

....
###.............##
#..##................
##......./......#...#
.#............#####...
.............##PPP##..
...#..†#....#P...P#.#
.#...#.....#P.>.P#
#...#).....#P...P#
...#...#..#..##P@P#
#...#...#5#...##y##
..........#..#.S5#
..#...#...#..#DJ##
...#...#..#.5.gn##
..(#..!#..##..o.#
.#...#......#..#
#...#.......#..#
.5........####...


You could see a steam dragon, a water moccasin, a vampire mosquito, a
necrophage, a gnoll sergeant, a jelly, a white imp and an orc.

Vanquished Creatures
  A howler monkey (D:6)
  An ufetubus (D:6)
  A worm (D:2)
  A dart slug (D:1)
  4 endoplasms
  A goblin (D:2)
  5 kobolds
  4 ball pythons
  A frilled lizard (D:1)
  A rat (D:2)
20 creatures vanquished.

Notes
Turn   | Place    | Note
-------+----------+-------------------------------------------
     0 | D:1      | Demosthentine the Demonspawn Gladiator began the quest for
                  | the Orb.
     0 | D:1      | Reached XP level 1. HP: 16/16 MP: 1/1
   235 | D:1      | Gained mutation: Spells you cast may paralyse adjacent
                  | enemies. [demonic ancestry]
   235 | D:1      | Reached XP level 2. HP: 22/22 MP: 2/2
   241 | D:1      | Found a faded altar of an unknown god.
   660 | D:2      | Found the +8 trident of the Octopus King {venom, rElec
                  | rPois}
   700 | D:2      | Found Alos's Distillery.
   708 | D:2      | Bought a potion of curing for 36 gold pieces
   712 | D:2      | Identified the +0 pair of boots "Fiqiep" {Dex+2}
  1399 | D:2      | Bought a potion of might for 48 gold pieces
  1447 | D:3      | You fall into a shaft and drop 3 floors!
  1457 | D:6      | Noticed a howler monkey
  1461 | D:6      | Noticed a vampire mosquito
  1461 | D:6      | Noticed a water moccasin
  1466 | D:6      | Killed a howler monkey
  1467 | D:6      | Reached skill level 1 in Armour
  1467 | D:6      | Reached XP level 3. HP: 23/28 MP: 3/3
  1472 | D:6      | Noticed a gnoll sergeant
  1473 | D:6      | Noticed a necrophage
  1478 | D:6      | Noticed a steam dragon
  1482 | D:6      | Gained mutation: You have a small tail. [demonic ancestry]
  1482 | D:6      | Reached XP level 4. HP: 5/34 MP: 4/4
  1485 | D:6      | Found a staircase to the Ecumenical Temple.
  1485 | D:6      | HP: 1/34 [vampire mosquito (5)]
  1495 | D:6      | Slain by a vampire mosquito

Illustrated notes

Levels and vault maps discovered:
D:1:      roderic_chinese_lattice_arrival, layout_basic,
          shapermc_ecumenical_altar_notcrosses, serial_bayou_pond_e
D:2:      layout_loops_cross, serial_shops, shop, minmay_misc_feat_nine_boxes
D:3:      layout_basic, gammafunk_temple_overflow_claw, patterned_corridor
D:6:      cheibrodos_fzero, layout_cave_pools,
          minmay_temple_entry_enclosed_plants, item_on_display_a

Skill      XL: |  1  2 |
---------------+-------+-----
Dodging        | 3 |  3.2
Polearms       | 3 |  3.1
Armour         | 1 |  1.3
Fighting       | |  2.6
Throwing       | |  1.7
Shields        | |  0.6

Action                     |  1- 3 |  4- 6 || total
---------------------------+-------+-------++-------
  Melee: Trident           |    59 |     4 ||    63
         Tailslap          |       |     1 ||     1
    Use: Scroll            |     5 |       ||     5
         Potion            |       |     4 ||     4
   Stab: Sleeping          |     2 |       ||     2
 Armour: Leather armour    |    16 |    13 ||    29
  Dodge: Dodged            |    40 |    11 ||    51

Table legend: (Time is in decaauts)
 A = Elapsed time spent in this place.
 B = Non-inter-level travel time spent in this place.
 C = Inter-level travel time spent in this place.
 D = Time resting spent in this place.
 E = Time spent auto-exploring this place.
 F = Levels seen in this place.
 G = Mean time per level.
                   A        B        C        D        E       F      G
               +--------+--------+--------+--------+--------+-----+--------+
         Total |   1503 |   1396 |    107 |      0 |   1153 |   4 |  375.8 |
       Dungeon |   1503 |   1396 |    107 |      0 |   1153 |   4 |  375.8 |
               +--------+--------+--------+--------+--------+-----+--------+

Top non-repeatable levels by time:
     D:2: 766 daAuts
     D:1: 666 daAuts
     D:6: 48 daAuts
     D:3: 21 daAuts
